 Dungeon Crawl Stone Soup version 0.30-a0-570-g486de37d69 (webtiles) character file.

Game seed: 2121080853183692243

865 ethan122 the Digger (level 8, -6/43 HPs)
             Began as a Gargoyle Earth Elementalist on Dec 29, 2022.
             Engulfed by a cloud of freezing vapour (24 damage)
             ... on level 5 of the Dungeon.
             The game lasted 00:41:54 (4475 turns).

ethan122 the Digger (Gargoyle Earth Elementalist)   Turns: 4475, Time: 00:41:55

Health: -6/43      AC:  9    Str: 11    XL:     8   Next: 3%
Magic:  15/15      EV: 12    Int: 19    God:
Gold:   304        SH:  0    Dex: 12    Spells: 11/17 levels left

rFire   . . .      SeeInvis .    t - +8 flail of Qiutt {flame, Dex+2}
rCold   . . .      Faith    .    (no shield)
rNeg    + . .      Spirit   .    a - +0 robe
rPois   ∞          Reflect  .    (no helmet)
rElec   +          Harm     .    (no cloak)
rCorr   .          Rampage  .    x - +0 pair of gloves
Will    .....                    i - +0 pair of boots
Stlth   ++                       (no amulet)
HPRegen 0.27/turn                (no ring)
MPRegen 0.14/turn                (no ring)

@: no status effects
A: sickness immunity, AC +5, negative energy resistance 1, electricity
resistance, torment resistance 1, petrification resistance
a: no special abilities


You were on level 5 of the Dungeon.
You visited 2 branches of the dungeon, and saw 6 of its levels.

You collected 304 gold pieces.

Inventory:

Hand Weapons
 q - a +0 quarterstaff
 t - the +8 flail of Qiutt (weapon) {flame, Dex+2}
   (You found it on level 3 of the Dungeon)

   It burns those it strikes, dealing additional fire damage.
   Dex:       It affects your dexterity (+2).
 v - a +2 dagger of protection
Armour
 a - a +0 robe (worn)
 i - a +0 pair of boots (worn)
 x - a +0 pair of gloves (worn)
Wands
 n - a wand of mindburst (13)
 y - a wand of paralysis (11)
Scrolls
 c - 3 scrolls of enchant weapon {unknown}
 f - a scroll of fear {unknown}
 g - 2 scrolls of blinking {unknown}
 h - a scroll of noise {unknown}
 m - 2 scrolls of identify {unknown}
 p - a scroll of enchant armour {unknown}
 r - 4 scrolls of teleportation {unknown}
 u - a scroll of vulnerability {unknown}
Potions
 b - a potion of magic
 d - 2 potions of brilliance {unknown}
 e - a potion of haste {unknown}
 j - a potion of invisibility {unknown}
 k - a potion of experience {unknown}
 l - 2 potions of ambrosia {unknown}
 o - a potion of degeneration {unknown}
 s - 5 potions of curing {unknown}
 w - a potion of flight {unknown}
 z - a potion of resistance


   Skills:
 + Level 1.2 Fighting
 + Level 2.1 Maces & Flails
 + Level 2.8 Dodging
 + Level 3.5 Stealth
 + Level 5.0 Spellcasting
 + Level 1.2 Transmutations
 + Level 7.1 Earth Magic


You had 11 spell levels left.
You knew the following spells:

 Your Spells              Type           Power      Damage    Failure   Level
a - Sandblast             Erth           62%        2d14      1%          1
b - Stone Arrow           Conj/Erth      36%        3d9       9%          3
c - Passwall              Tmut/Erth      16%        N/A       3%          2

Your spell library contained the following spells:

 Spells                   Type           Power      Damage    Failure   Level
 Magic Dart               Conj           16%        1d3       12%         1
 Searing Ray              Conj           8%         2d4       19%         2
 Petrify                  Tmut/Erth      20%        N/A       22%         4
 Fulminant Prism          Conj/Hex       2%         3d5       77%         4
 Summon Forest            Summ/Tloc      2%         N/A       98%         5
 Eringya's Noxious Bog    Tmut/Pois      3%         N/A       100%        6
 Summon Hydra             Summ           2%         N/A       100%        7


Dungeon Overview and Level Annotations

Branches:
Dungeon (5/15)             Temple (1/1) D:5

Altars:
Ashenzari
Cheibriados
Dithmenos
Elyvilon
Gozag
Hepliaklqana
Kikubaaqudgha
Makhleb
Nemelex Xobeh
Okawaru
Ru
Sif Muna
Trog
Uskayaw
Wu Jian
Xom
Yredelemnul
Zin
The Shining One

Annotations:
D:5 1 transporter


Innate Abilities, Weirdness & Mutations

You are immune to sickness and miasma.
Your stone body is resilient. (AC +5)
You are immune to poison.
You resist negative energy. (rN+)
You are resistant to electric shocks. (rElec)
You are resistant to unholy torment.
You are immune to petrification.


Message History

Press: ? - help, Q - select action, (/) - cycle Shift-Dir - straight line, f - white imp
Aim: a white imp (wandering, hasn't noticed you, 84% to hit)
The blast of sand hits the white imp but does no damage.
The white imp closely misses you.
Aiming: Sandblast (safe; 1% risk of failure)
Press: ? - help, Q - select action, (/) - cycle Shift-Dir - straight line, f/p - white imp
Aim: a white imp (84% to hit)
The blast of sand hits the white imp!!
You kill the white imp!
Found a stone staircase leading down.
Casting: Sandblast (safe; 1% risk of failure)
Confirm with . or Enter, or press ? or * to list all spells.
Aiming: Passwall (safe; 3% risk of failure)
Press: ? - help, Dir - move target A rock wall.
You begin to meditate on the wall.
You continue meditating on the rock. x2
You finish merging with the rock.
Found 14 gold pieces.
You now have 304 gold pieces (gained 14).
Found 5 stones.
Casting: Passwall (safe; 3% risk of failure)
Confirm with . or Enter, or press ? or * to list all spells.
Aiming: Passwall (safe; 3% risk of failure)
Press: ? - help, Dir - move target A rock wall.
You begin to meditate on the wall.
You continue meditating on the rock. x2
You finish merging with the rock.
There is a transporter here.
You enter the transporter and appear at another place.
z - a potion of resistance You open the gate.
The ice beast closely misses you.
There is an open gate here.
The ice beast attacks as you move away!
The ice beast hits you but does no damage.
You are engulfed in freezing vapours.
Ouch! That really hurt!
You are engulfed in freezing vapours.
Ouch! That really hurt!
You die...

###.##.○.○○.○##..........
#....#○°.☼°°○###########.
####....#○☼#©#.☼# ##
#.....).#○○...☼☼#
#.......#○°#.#°°#
#.......#○☼...○°#
#...##'####☼°°####
#...##.#○☼☼Y°○°○☼#
#...##.#☼○°@○○°○○#
#...##.#°○○....○☼# #####
#...##.#○°Y$?$○☼○# #...#
#####...##.#○○°$©?○○○# #...#
#.......'..########### #...#
#.###...#### ##.©.## #...#### #.#
##### #...#######.......
##.#############..###............
#................................


You could see 2 ice beasts.

Vanquished Creatures
  Pikel (D:4)
  An ice beast (D:5)
  A lemure (D:4)
  A necrophage (D:5)
  2 howler monkeys
  2 iguanas
  7 adders
  A white imp (D:5)
  A worm (D:3)
  A dart slug (D:3)
  7 orcs
  8 bats
  6 endoplasms
  4 giant cockroaches
  4 hobgoblins
  6 jackals (D:1)
  9 kobolds
  3 quokkas
  8 ball pythons
  5 frilled lizards
  5 goblins
  7 rats
90 creatures vanquished.

Vanquished Creatures (others)
  4 plants
4 creatures vanquished.

Grand Total: 94 creatures vanquished

Notes
Turn   | Place    | Note
-------+----------+-------------------------------------------
     0 | D:1      | ethan122 the Gargoyle Earth Elementalist began the quest
                  | for the Orb.
     0 | D:1      | Reached XP level 1. HP: 10/10 MP: 3/3
   145 | D:1      | Reached skill level 4 in Earth Magic
   217 | D:1      | Reached XP level 2. HP: 15/15 MP: 3/5
   724 | D:1      | Reached XP level 3. HP: 19/19 MP: 4/6
  1241 | D:2      | Learned a level 3 spell: Stone Arrow
  1751 | D:2      | Learned a level 2 spell: Passwall
  1947 | D:3      | Found a faded altar of an unknown god.
  1973 | D:3      | Reached XP level 4. HP: 24/24 MP: 5/8
  2337 | D:3      | Identified the +8 flail of Qiutt {flame, Dex+2}
  2552 | D:3      | Reached XP level 5. HP: 28/28 MP: 7/9
  2649 | D:4      | Reached skill level 5 in Earth Magic
  2779 | D:4      | Noticed a lemure
  2785 | D:4      | Killed a lemure
  2796 | D:4      | Found a bloodstained altar of Trog.
  2796 | D:4      | Noticed a lemure
  2796 | D:4      | Noticed Pikel
  2797 | D:4      | Noticed a lemure
  2797 | D:4      | Noticed a lemure
  2808 | D:4      | Killed Pikel
  2809 | D:4      | Reached skill level 1 in Fighting
  2809 | D:4      | Reached skill level 1 in Maces & Flails
  2809 | D:4      | Reached skill level 1 in Transmutations
  2809 | D:4      | Reached skill level 6 in Earth Magic
  2809 | D:4      | Reached XP level 6. HP: 17/34 MP: 9/12
  2809 | D:4      | Reached XP level 7. HP: 19/38 MP: 9/13
  3206 | D:4      | Found a sparkling altar of Nemelex Xobeh.
  3279 | D:5      | Entered Level 5 of the Dungeon
  3312 | D:5      | Found an ancient bone altar of Kikubaaqudgha.
  3331 | D:5      | Found a shadowy altar of Dithmenos.
  3605 | D:5      | Found a staircase to the Ecumenical Temple.
  3626 | D:5      | Reached skill level 5 in Spellcasting
  3626 | D:5      | Reached skill level 7 in Earth Magic
  3626 | D:5      | Reached XP level 8. HP: 33/43 MP: 11/15
  3659 | Temple   | Entered the Ecumenical Temple
  3889 | D:5      | Found a transporter.
  3943 | D:5      | Found a transporter.
  4475 | D:5      | Engulfed by a cloud of freezing vapour

Illustrated notes

Levels and vault maps discovered:
D:1:      eino_arrival_cavern_e, layout_basic, serial_bayou_ford_a,
          minmay_misc_feat_alley
D:2:      layout_rooms
D:3:      layout_loops_ring, ebering_ecumenical_altar_webs, grunt_ministairs_2,
          serial_bayou_pond_b
D:4:      layout_loops_ring, mainiacjoe_overflow_boulevard,
          nemelex_spade_bored_becter, uniq_pikel
D:5:      gammafunk_cloud_chamber, layout_basic, mainiacjoe_overflow_swirl,
          minmay_temple_entry_sparse_star, uniq_blork_the_orc
Temple:   nicolae_temple_bog_church

Skill      XL: |  1  2  3  4  5  6  7 |
---------------+----------------------+-----
Earth Magic    | 4 6 7 |  7.1
Dodging        | 2 |  2.8
Spellcasting   | 3 4 5 |  5.0
Stealth        | 3 |  3.5
Fighting       | 1 |  1.2
Maces & Flails | 1 2 |  2.1
Transmutations | 1 |  1.2

Action                   |  1- 3 |  4- 6 |  7- 9 || total
-------------------------+-------+-------+-------++-------
Melee: Unarmed           |    13 |       |       ||    13
       Punch             |     2 |       |     1 ||     3
       Whip              |    28 |       |       ||    28
       Quarterstaff      |       |     4 |       ||     4
       Flail             |       |    22 |    22 ||    44
 Cast: Sandblast         |    51 |    31 |    20 ||   102
       Stone Arrow       |     1 |       |       ||     1
       Passwall          |       |     3 |     7 ||    10
 Stab: Sleeping          |     1 |     1 |       ||     2
Armor: Robe              |    23 |     7 |    16 ||    46
Dodge: Dodged            |    47 |    22 |    11 ||    80

Table legend: (Time is in decaauts)
 A = Elapsed time spent in this place.
 B = Non-inter-level travel time spent in this place.
 C = Inter-level travel time spent in this place.
 D = Time resting spent in this place.
 E = Time spent auto-exploring this place.
 F = Levels seen in this place.
 G = Mean time per level.
                   A        B        C        D        E       F      G
               +--------+--------+--------+--------+--------+-----+--------+
         Total |   4564 |   4540 |     24 |    727 |      0 |   6 |  760.7 |
       Dungeon |   4418 |   4394 |     24 |    727 |      0 |   5 |  883.6 |
        Temple |    146 |    146 |      0 |      0 |      0 |   1 |  146.0 |
               +--------+--------+--------+--------+--------+-----+--------+

Top non-repeatable levels by time:
     D:1: 1246 daAuts
     D:5: 1065 daAuts
     D:3: 837 daAuts
     D:4: 726 daAuts
     D:2: 542 daAuts
  Temple: 146 daAuts
